AoeStats
← z PonCe z

Nomad

509276467Analyzed
3v3 RM · 6d ago on Sep 26, 2026· 61m 39s· 6 players
Game mode
Random Map
Map size
210×210
Population
200
Speed
Normal
Resources
Standard
Victory
Conquest
Starting age
Dark Age
Ending age
Imperial Age
RankedLock teamsTeams togetherTeam positionsShared explorationLock speedFull tech treeHidden civsTurbo modeCheats
Victory
Defeat
🇨🇦 Varangians · Canada
1145
+14
🇹🇼 Danes · Taiwan
1118
+15
🇲🇽 Britons · Mexico
1111
+16
🇲🇽 Vikings · Mexico
1140
-17
🇲🇽 Mongols · Mexico
1133
-16
🇲🇽 Mapuche · Mexico
1033
-12
rubenciego
5:53 Loom
14:08 Feudal Age
18:03 Castle Age
16:15 Double-Bit Axe
17:02 Fletching
20:02 Bodkin Arrow
25:27 Padded Archer Armor
27:24 Wheelbarrow
32:46 Gold Mining
32:47 Stone Mining
33:35 Leather Archer Armor
35:46 Hand Cart
50:05 Gold Shaft Mining
53:56 Imperial Age
52:13 Bow Saw
51:48 Treadmill Crane
53:01 Horse Collar
53:20 Pikeman
54:01 Squires
53:47 Gambesons
53:48 Arson
54:04 Scale Mail Armor
54:52 Yeomen
53:58 Elite Longbowman
54:02 Halberdier
54:55 Forging
55:43 Conscription
55:42 Chain Mail Armor
55:30 Bracer
55:52 Ballistics
56:50 Ring Archer Armor
56:57 Iron Casting
57:35 Chemistry
57:30 Plate Mail Armor
57:36 Plate Mail Armor
58:25 Warwolf
59:48 Heavy Plow
60:50 Two-Man Saw
61:35 Siege Engineers
Mo-Sacra
15:09 Feudal Age
16:38 Double-Bit Axe
16:34 Fishing Lines
19:01 Castle Age
19:57 Loom
20:10 Loom
21:01 Wheelbarrow
22:32 Bow Saw
22:05 Horse Collar
24:19 Heavy Plow
26:57 Gold Mining
27:54 Forging
27:50 Scale Barding Armor
27:36 Fletching
28:12 Hand Cart
32:46 Imperial Age
35:06 Iron Casting
34:52 Chain Barding Armor
35:50 Conscription
37:07 Blast Furnace
36:33 Husbandry
36:43 Bloodlines
35:57 Elite Jarl
38:37 Chemistry
37:58 Ballistics
37:44 Siege Engineers
37:50 Masonry
37:21 Treadmill Crane
37:50 Scale Mail Armor
38:28 Plate Barding Armor
37:49 Bodkin Arrow
42:00 Crop Rotation
AZ
6:03 Loom
14:42 Feudal Age
15:11 Double-Bit Axe
15:52 Fishing Lines
18:32 Gold Mining
18:42 Fletching
21:34 Castle Age
19:54 Padded Archer Armor
19:43 Arson
20:36 Forging
20:27 Scale Mail Armor
22:25 Medium Warships
22:12 Bodkin Arrow
22:11 Gillnets
23:03 Bow Saw
24:29 Gold Shaft Mining
24:58 Wheelbarrow
26:41 Careening
26:41 Clinker Construction
27:45 Ballistics
28:39 Chain Mail Armor
29:50 Iron Casting
33:10 Squires
38:39 Town Watch
39:09 Hand Cart
44:21 Gambesons
44:36 Pikeman
49:26 Imperial Age
51:20 Capped Ram
52:53 Plate Mail Armor
52:30 Stone Mining
54:36 Heavy Warships
55:14 Blast Furnace
55:15 Bracer
58:43 Siege Ram
59:21 Heavy Scorpion
61:36 Conscription
z PonCe z
3:42 Loom
16:41 Feudal Age
18:39 Wheelbarrow
18:31 Gold Mining
18:28 Double-Bit Axe
18:24 Horse Collar
19:02 Stone Mining
22:11 Arson
24:07 Fletching
24:17 Padded Archer Armor
24:21 Scale Mail Armor
24:31 Forging
26:41 Castle Age
28:58 Gold Shaft Mining
28:34 Bow Saw
29:01 Stone Shaft Mining
28:27 Heavy Plow
33:04 Iron Casting
33:02 Chain Mail Armor
32:50 Elite Skirmisher
45:37 Imperial Age
46:14 Elite Kona
48:38 Plate Mail Armor
52:32 Butalmapu
54:22 Crop Rotation
56:56 Ballistics
Jorge el glorioso maton
4:00 Loom
14:14 Feudal Age
21:05 Castle Age
36:44 Padded Archer Armor
36:50 Fletching
38:54 Bodkin Arrow
40:03 Leather Archer Armor
46:19 Forging
46:15 Scale Barding Armor
48:58 Husbandry
49:09 Bloodlines
49:09 Scale Barding Armor
49:15 Forging
51:34 Chain Barding Armor
52:24 Iron Casting
iSlayerXtrem
5:40 Loom
15:59 Feudal Age
16:58 Double-Bit Axe
23:41 Castle Age
27:16 Gold Mining
27:40 Forging
27:35 Scale Barding Armor
28:50 Bow Saw
30:19 Iron Casting
29:46 Scale Mail Armor
36:17 Elite Skirmisher
37:48 Fletching
40:08 Crossbowman
44:52 Imperial Age
45:03 Padded Archer Armor
47:19 Ballistics
48:00 Chemistry
48:08 Gold Shaft Mining
47:24 Stone Mining
48:02 Arbalester
50:19 Leather Archer Armor
49:59 Bodkin Arrow
50:05 Town Watch
50:24 Light Cavalry
Connection lost

Rejoining the realm…

Still unreachable

The connection could not be restored.

Session expired

The server has moved on; the page needs a fresh start.